 Dungeon Crawl Stone Soup version 0.25-a0-565-g8875c97ebb (webtiles) character file.

Game seed: 4759885467809868213, levelgen mode: deterministic

85 An17 the Ruffian (level 4, -2/41 HPs)
             Began as a Ghoul Monk on Feb 26, 2020.
             Was a Follower of Ru.
             Slain by a hippogriff (5 damage)
             ... on level 3 of the Dungeon.
             The game lasted 00:16:25 (2124 turns).

An17 the Ruffian (Ghoul Monk)                       Turns: 2124, Time: 00:16:26

Health: -2/41      AC:  6    Str: 15    XL:     4   Next: 48%
Magic:  3/3        EV: 10    Int:  5    God:    Ru [*.....]
Gold:   73         SH:  0    Dex: 11    Spells: 3/3 levels left

rFire    + . .     SeeInvis .     - Unarmed
rCold    + . .     Gourm    .   (no shield)
rNeg     + + +     Faith    .   d - +0 scale mail
rPois    ∞         Spirit   .   (no helmet)
rElec    .         Reflect  .   (no cloak)
rCorr    .         Harm     .   (no gloves)
MR       .....                  (no boots)
Stlth    +.........             (no amulet)
HPRegen  0.00/turn              e - ring of stealth
MPRegen  0.08/turn              k - ring of protection from fire

@: stab, flying (expiring), rotting
A: rotting body, claws 1, carnivore, cold resistance 1, negative energy
resistance 3, inhibited regeneration, torment resistance, unbreathing, hated by
all
a: Renounce Religion


You were on level 3 of the Dungeon.
You worshipped Ru.
Ru was aware of your devotion.
You were not hungry.

You visited 1 branch of the dungeon, and saw 3 of its levels.

You collected 73 gold pieces.

Inventory:

Hand Weapons
 g - a +0 hunting sling
 i - a +2 dagger of speed
Missiles
 h - 34 sling bullets
Armour
 d - a +0 scale mail (worn)
Jewellery
 e - a ring of stealth (left claw)
 k - a ring of protection from fire (right claw)
Scrolls
 f - a scroll of identify
 j - 3 scrolls of magic mapping
Potions
 c - 2 potions of ambrosia
 m - 2 potions of stabbing
Comestibles
 a - 2 chunks of flesh
 b - 3 rations


   Skills:
 * Level 4.3 Fighting
 + Level 0.3 Armour
 - Level 2.6 Dodging
 - Level 2.1 Stealth
 * Level 4.7 Unarmed Combat


You had 3 spell levels left.
You didn't know any spells.
Your spell library was empty.

Dungeon Overview and Level Annotations

Branches:
Dungeon (3/15)

Altars:
Ru


Innate Abilities, Weirdness & Mutations

Your body is rotting away.
You thrive on raw meat.
You are immune to poison.
You have sharp fingernails.
You are carnivorous and can eat meat at any time.
Your flesh is cold resistant. (rC+)
You are immune to negative energy. (rN+++)
You do not regenerate when monsters are visible.
You are immune to unholy pain and torment.
You can survive without breathing.
You are hated by all.


Message History

The hippogriff is moderately wounded.
You hear a shout!
You barely miss the hippogriff.
The hippogriff is moderately wounded.
The hippogriff bites you.
The hippogriff pecks you but does no damage.
The hippogriff claws you but does no damage.
An orc comes into view.
It is wielding a +0 dagger and quivering 4 silver boomerangs.
The orc priest invokes the aid of Beogh against you.
Beogh smites you!
You hear a shout!
The orc priest calls down the wrath of Beogh upon you.
Beogh smites you!
* * * LOW HITPOINT WARNING * * *
Okay, then.
You are starting to lose your buoyancy.
The hippogriff bites you.
* * * LOW HITPOINT WARNING * * *
The hippogriff pecks you.
You die...

##### ... #.#
###.####
..o....###########
###.##.....o...r.#
#.############H#
... #@# ...#. #.#
....#.# #.# ....#
# #.# ##### #.#
#÷# #.# #.# #.#


You could see a hippogriff and a rat.

Vanquished Creatures
  Jessica (D:2)
  A gnoll (D:1)
  An adder (D:2)
  An ooze (D:1)
  A dart slug (D:2)
  2 leopard geckos (D:2)
  A giant cockroach (D:3)
  3 goblins
  7 hobgoblins
  6 bats
  7 kobolds
  5 rats
36 creatures vanquished.

Notes
Turn   | Place    | Note
-------+----------+-------------------------------------------
     0 | D:1      | An17 the Ghoul Monk began the quest for the Orb.
     0 | D:1      | Reached XP level 1. HP: 19/19 MP: 0/0
   845 | D:1      | Reached XP level 2. HP: 13/27 MP: 1/1
  1385 | D:1      | Reached XP level 3. HP: 33/33 MP: 2/2
  1684 | D:2      | Found a sacrificial altar of Ru.
  1692 | D:2      | Became a worshipper of Ru the Awakened
  1697 | D:2      | Gained mutation: You are hated by all. [Ru sacrifice]
  1697 | D:2      | Reached * piety under Ru
  1783 | D:2      | Noticed Jessica
  1799 | D:2      | Killed Jessica
  1799 | D:2      | Reached XP level 4. HP: 41/41 MP: 3/3
  2099 | D:3      | Noticed a hippogriff
  2124 | D:3      | Slain by a hippogriff

Levels and vault maps discovered:
D:1:      tarquinn_simple_flora_water_c, layout_loops_ring
D:2:      layout_rooms, lemuel_round_altar, uniq_jessica
D:3:      layout_basic, lemuel_crystal_altar, minmay_shallow_snake_nest,
          uniq_ijyb

Skill      XL: |  1  2  3 |
---------------+----------+-----
Unarmed Combat | 4 |  4.7
Fighting       | 4 |  4.3
Armour         | |  0.3
Dodging        | |  2.6
Stealth        | |  2.1

Action                   |  1- 3 |  4- 6 || total
-------------------------+-------+-------++-------
Melee: Unarmed           |    84 |    27 ||   111
       Punch             |     1 |       ||     1
Invok: Sacrifice Love    |     1 |       ||     1
  Use: Scroll            |     5 |       ||     5
       Potion            |     1 |     2 ||     3
 Stab: Sleeping          |     3 |       ||     3
  Eat: Chunk             |     6 |     4 ||    10
Armor: Robe              |     6 |       ||     6
       Scale mail        |    20 |    13 ||    33
Dodge: Dodged            |    33 |    10 ||    43

Table legend:
 A = Non-vault XP
 B = Vault XP
 C = Vault XP percentage of total XP
 D = Non-vault monster count
 E = Vault monster count
 F = Vault count percentage of total count
                 A         B        C        D         E       F
            +---------+---------+-------+---------+---------+-------
      Total |      85 |      37 |  30.3 |      35 |       1 |   2.8
            +---------+---------+-------+---------+---------+-------
        D:1 |      33 |       0 |   0.0 |      12 |       0 |   0.0
        D:2 |      46 |      37 |  44.6 |      19 |       1 |   5.0
        D:3 |       6 |       0 |   0.0 |       4 |       0 |   0.0
            +---------+---------+-------+---------+---------+-------
